 Dungeon Crawl Stone Soup version bcrawl-1.14 (webtiles) character file.

Game seed: 16101052951849455515

26721 MisterOstroum the Destroyer (level 13, -23/92 HPs)
             Began as a Fairy Conjurer on Sept 7, 2019.
             Was an Initiate of Gozag.
             Shot with a sling bullet by a faun (26 damage)
             ... on level 1 of the Shoals.
             The game lasted 00:33:33 (15143 turns).

MisterOstroum the Destroyer (Fairy Conjurer)       Turns: 15143, Time: 00:33:33

Health: -23/92     AC: 13    Str:  6    XL:     13   Next: 27%
Magic:  0/29       EV: 23    Int: 25    God:    Gozag
Gold:   2024       SH:  7    Dex: 18    Spells: 15/32 levels left

rFire    + . .     SeeInvis +   F - staff of earth
rCold    . . .     Gourm    .   (shield currently unavailable)
rNeg     . . .     Faith    .   (armour unavailable)
rPois    +         Spirit   +   c - +0 hat
rElec    .         Reflect  .   D - +0 cloak
rCorr    .         Harm     .   r - +0 pair of gloves
MR       +....                  h - +0 pair of boots (curse)
Stlth    +.........             T - amulet "Fumuusch" {Spirit +Fly rF+ Dex+4 SInv}
HPRegen  0.25/turn              R - +2 ring of intelligence
MPRegen  0.21/turn              O - ring of poison resistance

@: gold aura, mesmerised, very slightly contaminated, slowed, very slow
A: small, magic attunement, unstealthy, unfitting armour, able to fly, AC/SH +7
a: Fly, Potion Petition, Call Merchant, Bribe Branch, Renounce Religion, Evoke
Flight


You were on level 1 of the Shoals.
You worshipped Gozag.
Gozag was most pleased with you.
You were not hungry.

You visited 4 branches of the dungeon, and saw 16 of its levels.

You collected 2979 gold pieces.
You spent 877 gold pieces at shops.
You paid 78 gold pieces to Gozag.

Inventory:

Hand Weapons
 w - a +0 spear of venom
 S - the +8 hunting sling of Riadeunou {speed, Str+4, unknown}
   (You found it on level 5 of the Lair of Beasts)

   Attacks with this weapon are significantly faster.
   It affects your strength (+4).
Missiles
 g - 2346 stones (quivered)
 q - 2 throwing nets {!f!f}
 x - 239 tomahawks
Armour
 c - a +0 hat (worn)
 h - a cursed +0 pair of boots (worn)
 r - a +0 pair of gloves (worn)
 D - a +0 cloak (worn)
 E - a +0 buckler
Magical Staves
 F - an uncursed staff of earth (weapon)
Jewellery
 G - an uncursed ring of fire {unknown}
 O - a ring of poison resistance (right hand)
 P - an uncursed amulet of regeneration
 R - a +2 ring of intelligence (left hand)
 T - the amulet "Fumuusch" (around neck) {Spirit +Fly rF+ Dex+4 SInv}
   (You found it on level 5 of the Lair of Beasts)

   [amulet of guardian spirit]

   It causes incoming damage to be split between your health and magic.
   It affects your dexterity (+4).
   It protects you from fire.
   It lets you see invisible.
   It lets you fly.
Wands
 l - a wand of digging (18)
 s - a wand of flame (75)
 v - a wand of polymorph (57)
 J - a wand of enslavement (6)
 M - a wand of paralysis (24)
 Q - a wand of scattershot (6)
Scrolls
 a - a scroll of identify {@r1}
 i - 5 scrolls of blinking
 j - 2 scrolls of amnesia {unknown}
 m - 3 scrolls of fear {unknown}
 t - 2 scrolls of fog {unknown}
 y - 2 scrolls of remove curse {unknown}
 B - 5 scrolls of teleportation {unknown}
 C - 4 scrolls of noise {unknown}
 I - 3 scrolls of enchant weapon {unknown}
Potions
 b - a potion of flight
 d - 7 potions of curing
 f - a potion of magic
 k - 3 potions of lignification
 n - 3 potions of mutation
 o - 3 potions of resistance
 p - 2 potions of brilliance
 u - 4 potions of agility {@q5 !q}
 z - a potion of invisibility
 A - 3 potions of degeneration
 H - a potion of haste {unknown}
 K - a potion of might {@q3 !q}
 L - a potion of ambrosia
 N - a potion of heal wounds {@q2 !q}
Comestibles
 e - 16 rations {!d}


   Skills:
 - Level 10.0 Fighting
 - Level 10.0 Dodging
 - Level 1.5 Stealth
 - Level 5.9 Shields
 - Level 10.0 Spellcasting
 - Level 12.0 Conjurations
 * Level 5.6 Necromancy
 - Level 10.0 Transmutations
 + Level 5.2 Earth Magic


You had 15 spell levels left.
You knew the following spells:

 Your Spells              Type           Power        Failure   Level  Hunger
a - Magic Dart            Conj           ####         1%          1    None
b - Searing Ray           Conj           ######       1%          2    None
c - Iskenderun's Mystic   Conj           ######..     1%          3    None
d - Irradiate             Conj/Tmut      ######....   1%          5    None
e - Borgnjor's Vile Clut  Necr/Erth      ######....   63%         6    None

Your spell library contained the following spells:

 Spells                   Type           Power        Failure   Level  Hunger
 Apportation              Tloc           ##....       4%          1    None
 Summon Butterflies       Summ           ##......     4%          1    None
 Animate Dead             Necr           N/A          4%          4    None
 Fulminant Prism          Conj/Hex       #####.....   4%          4    None
 Beckoning                Tloc           ##........   14%         3    None
 Recall                   Summ/Tloc      N/A          14%         3    None
 Tukima's Dance           Hex            ##......     14%         3    None
 Alistair's Intoxication  Tmut/Pois      #####...     17%         5    None
 Tree Form                Hex/Tmut       N/A          17%         5    None
 Statue Form              Tmut/Erth      ######...    32%         6    None
 Dragon Form              Tmut           ######.      56%         7    None
 Death Channel            Necr           #####.....   58%         6    None
 Simulacrum               Ice/Necr       ####......   93%         6    None
 Invisibility             Hex            ##......     100%        6    None
 Necromutation            Tmut/Necr      ######..     100%        8    None


Dungeon Overview and Level Annotations

Branches:
Dungeon (9/12)             Temple (0/1) D:6            Lair (5/6) D:7
 Shoals (1/3) Lair:4       Spider (1/3) Lair:2        Slime (0/5) Lair:5
    Orc: D:8-11

Altars:
Gozag
Qazlal
Jiyva

Shops:
D:6 [   D:7 [   D:8 :

Annotations:
D:4 2 transporters
Lair:5 3 runed translucent doors, MisterOstroum's ghost, journeyman GnTm


Innate Abilities, Weirdness & Mutations

Your spells do not cause hunger and MP costs are reduced by 1.
Your bright wings attract enemies. (Stealth-)
You cannot fit into any form of body armour.
Your shimmering scales are hard and can block incoming attacks. (AC +7, SH +7)
You are small and have problems with some larger weapons.
You can fly continuously.


Message History

Confirm with . or Enter, or press ? or * to list all spells.
Aiming: Iskenderun's Mystic Blast (safe; 1% risk of failure)
Press: ? - help, Shift-Dir - straight line, f/p - wind drake
Aim: a wind drake (severely wounded, deflecting missiles, catching its breath)
The orb of energy misses the wind drake.
A faun comes into view. It is wielding a +0 quarterstaff.
The faun points at you and mumbles some strange words.
You resist with some effort. The merfolk completely misses you.
Casting: Iskenderun's Mystic Blast (safe; 1% risk of failure)
Confirm with . or Enter, or press ? or * to list all spells.
Aiming: Iskenderun's Mystic Blast (safe; 1% risk of failure)
Press: ? - help, Shift-Dir - straight line, f/p - wind drake
Aim: a wind drake (severely wounded, deflecting missiles, catching its breath)
The wind drake deflects the orb of energy!
The orb of energy hits the merfolk.
The merfolk is heavily wounded.
The faun shoots a sling bullet.
The sling bullet hits you! The faun casts a spell at you.
You resist with some effort.
The faun unwields a +0 club.
The faun wields a +1 hunting sling of freezing.
It is covered in frost.
The faun shoots a stone.
You block the stone. The faun casts a spell at you.
You resist with some effort. The merfolk barely misses you.
Casting: Iskenderun's Mystic Blast (safe; 1% risk of failure)
Confirm with . or Enter, or press ? or * to list all spells.
You erupt in a fountain of uncontrolled magic!
The wind drake is blasted with magical radiation!!
You kill the wind drake!
You are very lightly contaminated with residual magic.
You hear a shout! x2
The faun shoots a stone.
The stone misses you.
The faun points at you and mumbles some strange words.
You resist with some effort. The faun casts a spell at you.
You resist with some effort.
The faun shoots a stone.
The stone hits you but does no damage.
The merfolk hits you from afar with a +0 trident!!
Unknown command.
You block the merfolk's attack.
The faun shoots a sling bullet.
You block the sling bullet.
A merfolk siren comes into view. It is wielding a +0 flail.
The faun shoots a stone.
The stone barely misses you. The faun casts a spell at you.
You feel yourself slow down.
The faun shoots a stone.
The stone hits you! The stone freezes you.
You see here 12 gold pieces.
The hippogriff closely misses you. You block the hippogriff's attack.
The hippogriff completely misses you. You block the merfolk's attack.
The faun shoots a sling bullet.
The sling bullet hits you!
The faun gestures at you while chanting.
You resist with some effort.
The faun shoots a stone.
You block the stone.
The merfolk siren chants a haunting song.
You easily resist.
The hippogriff bites you but does no damage.
The hippogriff pecks you but does no damage.
You block the hippogriff's attack.
The merfolk hits you from afar with a +0 trident!
Casting: Irradiate (safe; 1% risk of failure)
Confirm with . or Enter, or press ? or * to list all spells.
You erupt in a fountain of uncontrolled magic!
The merfolk is blasted with magical radiation!!
The merfolk is almost dead.
The merfolk twists and deforms.
The hippogriff is blasted with magical radiation!!
The hippogriff is heavily wounded.
The hippogriff twists and deforms.
The faun hits you from afar with a cursed -2 spear!!
* * * LOW HITPOINT WARNING * * *
The merfolk closely misses you.
The faun shoots a sling bullet.
The sling bullet completely misses you.
The faun shoots a stone.
You block the stone.
The merfolk siren chants a haunting song.
You are mesmerised by the merfolk siren!
The faun unwields a +0 quarterstaff.
The faun wields a +0 hunting sling.
The faun shoots a sling bullet.
The sling bullet completely misses you.
The sling bullet hits the merfolk!
The merfolk dies!
The hippogriff bites you but does no damage.
You block the hippogriff's attack.
The hippogriff claws you but does no damage.
The merfolk completely misses you. The faun barely misses you.
The faun shoots a sling bullet.
The sling bullet hits you!!
* * * LOW HITPOINT WARNING * * *
Unknown command.
Casting: Irradiate (safe; 1% risk of failure)
Confirm with . or Enter, or press ? or * to list all spells.
You don't have enough magic to cast that spell.
Blink to where?
Press: ? - help, Dir - move target cursor
Okay, then.
Unknown command.
Saving game... please wait.
Welcome back, MisterOstroum the Fairy Conjurer.
Gozag says: Greed is good.
Press ? for a list of commands and other information.
The hippogriff bites you but does no damage.
The hippogriff completely misses you. You block the hippogriff's attack.
The faun shoots a sling bullet.
The sling bullet hits you!!
You die...
Your body crumbles into a pile of gold.

≈≈≈..[........#
.≈≈≈..........#
≈≈≈≈≈≈≈.......#
≈ ....≈≈....≈..
≈.##..≈≈≈≈≈≈≈≈.
≈≈m..c≈≈≈≈≈≈≈≈.
≈≈...c.m..≈≈≈..
≈≈..##.$H.≈≈≈..
....ccc@...≈≈).
......≈<..≈≈≈≈.
.....≈≈≈..≈≈≈≈≈
....≈≈≈≈..≈≈≈≈≈
....≈≈≈≈.≈≈≈≈≈≈
.≈....≈≈≈≈≈≈≈≈≈
...###.≈≈≈≈≈≈≈≈
... ..≈≈≈≈≈≈≈≈
#. ...≈≈≈..≈≈


You could see a merfolk, 5 fauns, a hippogriff and a merfolk siren.

Vanquished Creatures
  7 hydras
  2 death yaks (Lair:5)
  2 ugly things
  A wolf spider (Lair:2)
  2 black mambas
  6 elephants (Lair:4)
  8 cane toads
  A torpor snail (Lair:5)
  A demonic crawler (Lair:2)
  A komodo dragon (Lair:4)
  A rime drake (Lair:3)
  2 hornets
  A troll (D:8)
  A wind drake (Shoals:1)
  3 slime creatures (D:7)
  2 dream sheep (D:8)
  7 hippogriffs
  Sigmund (D:2)
  A fire elemental (Lair:4)
  18 yaks
  A basilisk (Lair:4)
  A steam dragon (D:7)
  5 water moccasins
  Duvessa (D:6)
  2 black bears
  11 porcupines
  A sky beast (D:7)
  An orc warrior (D:7)
  2 ice beasts
  4 ogres
  4 wolves (Lair:2)
  3 centaurs
  6 crocodiles
  11 bullfrogs
  3 big kobolds (D:8)
  Dowan (D:6)
  8 scorpions
  9 killer bees
  3 wights (D:7)
  4 howler monkeys
  A crimson imp (D:6)
  A lava snake (Lair:4)
  3 hounds
  4 orc priests
  A bullfrog skeleton (D:4)
  9 orc wizards
  5 iguanas
  2 jellies
  Jessica (D:3)
  Ijyb (D:3)
  Natasha (thrice) (D:3)
  7 worker ants
  A worker ant zombie (D:9)
  8 gnolls
  10 adders
  A shadow imp (D:5)
  An ooze (D:3)
  An adder zombie (D:6)
  3 adder skeletons
  3 worms
  3 dart slugs
  7 leopard geckos
  22 orcs
  3 ball pythons
  5 giant cockroaches
  4 goblins
  7 hobgoblins
  9 jackals
  9 kobolds
  5 quokkas
  10 bats
  3 frilled lizards
  A jackal zombie (D:6)
  A leopard gecko zombie (D:5)
  7 rats
311 creatures vanquished.

Vanquished Creatures (others)
  A merfolk (Shoals:1)
  2 fungi (Lair:5)
  6 plants
9 creatures vanquished.

Grand Total: 320 creatures vanquished

Notes
Turn   | Place    | Note
-------+----------+-------------------------------------------
     0 | D:1      | MisterOstroum the Fairy Conjurer began the quest for the
                  | Orb.
     0 | D:1      | Reached XP level 1. HP: 11/11 MP: 6/6
   123 | D:1      | Reached skill level 5 in Conjurations
   289 | D:1      | Reached XP level 2. HP: 17/17 MP: 8/8
   294 | D:1      | Learned a level 2 spell: Searing Ray
   470 | D:1      | Reached XP level 3. HP: 21/21 MP: 9/9
   812 | D:2      | Reached skill level 6 in Conjurations
   891 | D:2      | Reached XP level 4. HP: 27/27 MP: 10/10
  1139 | D:2      | Noticed Sigmund
  1155 | D:2      | Killed Sigmund
  1155 | D:2      | Reached skill level 8 in Conjurations
  1155 | D:2      | Reached XP level 5. HP: 22/31 MP: 1/11
  1155 | D:2      | Reached XP level 6. HP: 25/36 MP: 1/12
  1530 | D:3      | Noticed Natasha
  1533 | D:3      | Killed Natasha
  1583 | D:3      | Noticed an ice beast
  1614 | D:3      | Killed an ice beast
  1614 | D:3      | Reached skill level 1 in Fighting
  1729 | D:3      | Noticed Jessica
  1731 | D:3      | Killed Jessica
  1737 | D:3      | Reached skill level 9 in Conjurations
  1761 | D:3      | Reached XP level 7. HP: 38/45 MP: 5/13
  1910 | D:3      | Learned a level 3 spell: Iskenderun's Mystic Blast
  1971 | D:3      | Noticed Natasha
  1977 | D:3      | Killed Natasha
  1981 | D:3      | Noticed Natasha
  1984 | D:3      | Killed Natasha
  2190 | D:3      | Noticed Ijyb
  2194 | D:3      | Killed Ijyb
  3033 | D:4      | Found an opulent altar of Gozag.
  3044 | D:4      | Became a worshipper of Gozag Ym Sagoz the Greedy
  3119 | D:4      | Found a transporter.
  3132 | D:4      | Found a transporter.
  3188 | D:4      | Reached XP level 8. HP: 54/54 MP: 5/14
  3543 | D:5      | Entered Level 5 of the Dungeon
  3676 | D:5      | Reached skill level 10 in Conjurations
  3678 | D:5      | Reached skill level 5 in Dodging
  4019 | D:5      | Reached skill level 5 in Fighting
  4026 | D:5      | Learned a level 5 spell: Irradiate
  4166 | D:5      | Reached skill level 1 in Transmutations
  4405 | D:5      | Found a stormy altar of Qazlal.
  4487 | D:6      | Found Riesycon's Antique Armour Shop.
  4513 | D:6      | Bought a cloak for 81 gold pieces
  4513 | D:6      | Bought a buckler for 81 gold pieces
  4669 | D:6      | Found a staircase to the Ecumenical Temple.
  4693 | D:6      | Reached skill level 1 in Shields
  4704 | D:6      | Reached XP level 9. HP: 61/61 MP: 10/17
  4948 | D:6      | Noticed Duvessa
  4949 | D:6      | Noticed Dowan
  4963 | D:6      | Killed Duvessa
  4968 | D:6      | Killed Dowan
  5591 | D:7      | Found Tiengo's Antique Armour Shop.
  5711 | D:7      | Reached skill level 5 in Spellcasting
  5715 | D:7      | Reached skill level 5 in Transmutations
  6036 | D:7      | Noticed a hornet
  6055 | D:7      | Killed a hornet
  6055 | D:7      | Reached XP level 10. HP: 36/69 MP: 2/19
  7082 | D:8      | Found Zapnag's Book Boutique.
  7085 | D:8      | Noticed a seven-headed hydra
  7334 | D:7      | Found a staircase to the Lair.
  7774 | D:8      | Bought a book of Unlife for 715 gold pieces
  7781 | D:8      | Learned a level 6 spell: Borgnjor's Vile Clutch
  7949 | D:8      | Noticed a cyan ugly thing
  7953 | D:8      | Killed a seven-headed hydra
  7953 | D:8      | Reached skill level 1 in Necromancy
  7958 | D:8      | Killed a cyan ugly thing
  7958 | D:8      | Reached XP level 11. HP: 77/77 MP: 6/21
  8347 | D:8      | Noticed a two-headed hydra
  8361 | D:8      | Killed a two-headed hydra
  8607 | D:9      | Noticed a cyan ugly thing
  8636 | D:9      | Killed a red ugly thing
  8728 | D:9      | Reached skill level 10 in Transmutations
  8897 | Lair:1   | Entered Level 1 of the Lair of Beasts
  8899 | Lair:1   | Noticed a six-headed hydra
  8905 | Lair:1   | Killed a six-headed hydra
 10167 | Lair:2   | Reached skill level 11 in Conjurations
 10279 | Lair:2   | Found a hole to the Spider Nest.
 11349 | Lair:3   | Noticed a five-headed hydra
 11395 | Lair:3   | Reached XP level 12. HP: 51/85 MP: 15/26
 11476 | Lair:3   | Killed a five-headed hydra
 12386 | Lair:3   | Noticed a five-headed hydra
 12390 | Lair:3   | Killed a five-headed hydra
 12770 | Lair:4   | Reached skill level 12 in Conjurations
 13134 | Lair:4   | Reached skill level 10 in Fighting
 13378 | Lair:4   | Reached skill level 10 in Spellcasting
 13795 | Lair:4   | Reached skill level 10 in Dodging
 13893 | Lair:4   | Found a staircase to the Shoals.
 13984 | Lair:5   | Noticed a seven-headed hydra
 13989 | Lair:5   | Killed a seven-headed hydra
 13989 | Lair:5   | Reached XP level 13. HP: 92/92 MP: 16/29
 14123 | Lair:5   | Reached skill level 5 in Shields
 14184 | Lair:5   | Found a staircase to the Slime Pits.
 14257 | Lair:5   | Got a crude hunting sling
 14286 | Lair:5   | Found a runed translucent gate.
 14286 | Lair:5   | Found a runed translucent gate.
 14286 | Lair:5   | Found a runed translucent gate.
 14287 | Lair:5   | Noticed a death ooze
 14287 | Lair:5   | Noticed a death ooze
 14288 | Lair:5   | Found a viscous altar of Jiyva.
 14288 | Lair:5   | Noticed MisterOstroum's ghost (journeyman GnTm)
 14289 | Lair:5   | Found the ring of Shadows {Umbra +Inv Stlth+}
 14289 | Lair:5   | Got a glittering copper amulet
 14290 | Lair:5   | Identified the amulet "Fumuusch" {Spirit +Fly rF+ Dex+4
                  | SInv} (You found it on level 5 of the Lair of Beasts)
 14818 | Lair:5   | Reached skill level 5 in Necromancy
 15028 | Spider:1 | Entered Level 1 of the Spider Nest
 15028 | Spider:1 | Noticed an emperor scorpion
 15036 | Lair:2   | Reached skill level 5 in Earth Magic
 15131 | Shoals:1 | Entered Level 1 of the Shoals
 15142 | Shoals:1 | HP: 3/92 [faun/sling bullet (18)]
 15143 | Shoals:1 | Shot with a sling bullet by a faun

Skill      XL: |  1  2  3  4  5  6  7  8  9 10 11 12 13 |
---------------+----------------------------------------+-----
Conjurations   | 5 6 8 9 10 11 12 | 12.0
Spellcasting   | 3 4 5 8 10 | 10.0
Fighting       | 2 3 5 6 8 9 10 | 10.0
Dodging        | 4 5 10 | 10.0
Transmutations | 3 7 9 10 | 10.0
Shields        | 1 2 4 5 |  5.9
Necromancy     | 2 3 5 |  5.6
Earth Magic    | 2 4 5 |  5.2
Stealth        | |  1.5

Action                   |  1- 3 |  4- 6 |  7- 9 | 10-12 | 13-15 || total
-------------------------+-------+-------+-------+-------+-------++-------
Melee: Spear             |       |       |     1 |       |       ||     1
       Staff             |       |       |     2 |    10 |     4 ||    16
 Cast: Magic Dart        |    65 |    47 |   221 |   164 |    18 ||   515
       Searing Ray       |       |    11 |    12 |     6 |       ||    29
       Iskenderun's Myst |       |       |    82 |   288 |    47 ||   417
       Irradiate         |       |       |     2 |    10 |     5 ||    17
Invok: Potion Petition   |       |       |       |     1 |       ||     1
 Abil: Stop Flying       |       |       |       |     1 |       ||     1
Evoke: Wand              |       |       |       |     1 |       ||     1
  Use: Scroll            |       |       |     2 |       |    14 ||    16
       Potion            |       |       |       |     1 |       ||     1
 Stab: Distracted        |       |       |       |     1 |       ||     1
  Eat: Chunk             |       |     2 |     4 |       |       ||     6
       Ration            |       |       |     3 |     7 |     1 ||    11
Armor: Skin              |     1 |     8 |    21 |    37 |    11 ||    78
Dodge: Dodged            |    13 |    22 |    80 |    99 |    38 ||   252
Block: Other             |     4 |     7 |    36 |    40 |    21 ||   108
       Buckler           |       |       |     5 |       |       ||     5
